cohdb
Replays
Latest Replays
All Replays
Popular Replays
Top Player Replays
Match Explorer
How It Works
Community
CoH3 Stats
Reddit
Sign in to upload your games and track your stats! →
Sign in with Steam
Match 43614302
Unlisted
Match 43614302
Overview
Messages
Build Orders
End
Construct Section Command Post
Infantry Section
Infantry Section
Infantry Section
Construct Platoon Command Post
Infantry Training
Infantry Section
Grenade Package
Selects Heavy Armor Battlegroup
Selects Rigorous Vehicle Training
Selects Forward Repair Assembly
CMP 15cwt Truck
6-pounder Anti-tank Gun Team
Team Weapon Training
Construct Company Command Post
Matilda II Heavy Tank
Royal Engineer Section
Selects Light Vehicle Withdraw and Refit
Selects Radio Net
Forward Retreat Point
Selects Recon Artillery
Recon Artillery
Radio Net
Matilda II Heavy Tank
Unlock Towed 17-pounder Anti-tank Guns
Recon Artillery
Hannibal
Not vincentbui
Minimizen
LittleBirde
Rihhno
Nasté
b1ackie360
ionwood
0
0
Comments
sign in to comment!
No comments posted yet!